Monk Dude, lawful male human Monk ------- |.....| |..<..| |.....| |.....| |.)...| -q----- @ Monk Dude the Student of Stones Experience level: 11 Strength: 18/01 Dexterity: 15 Constitution: 15 Intelligence: 11 Wisdom: 15 Charisma: 10 Health: 0(75) Energy: 61(61) Def: 6 Gold: 0 Moves: 11604 Dungeon seed: tVU8xw2P_vwDWzKu Game ID: Monk Dude_1554400796 Your Inventory: Amulets o - an uncursed amulet of life saving V - an uncursed amulet of reflection (being worn) Weapons M - the blessed +4 Grayswandir (weapon in hand) Armor c - an uncursed +0 leather cloak (being worn) e - an uncursed +2 pair of leather gloves (being worn) f - an uncursed +0 Hawaiian shirt (being worn) g - an uncursed +0 small shield (being worn) q - an uncursed rusty +1 orcish helm (being worn) r - an uncursed -1 pair of iron shoes Y - a cursed very rusty +0 pair of kicking boots named Cursed (being worn) Comestibles B - 2 uncursed sprigs of wolfsbane Scrolls m - an uncursed scroll of fire Spellbooks a - a blessed spellbook of healing P - an uncursed spellbook of knock Rings O - a cursed ring of see invisible R - an uncursed ring of conflict S - an uncursed ring of levitation T - an uncursed ring of stealth X - an uncursed ring of slow digestion named Cursed (on left hand) Wands K - a wand of lightning (0:0) Tools j - an uncursed tooled horn n - an uncursed bag of holding p - an uncursed blindfold H - a +0 pick-axe I - a +0 unicorn horn L - an uncursed oil lamp (0:1352) Gems y - an uncursed touchstone z - an uncursed luckstone Contents of the bag of holding: 1155 gold pieces a +0 worm tooth 9 uncursed food rations a cursed partly eaten food ration 2 uncursed tripe rations 4 uncursed scrolls of blank paper an uncursed scroll of confuse monster a cursed scroll of create monster 2 uncursed scrolls of earth 2 uncursed scrolls of enchant weapon a cursed scroll of remove curse 2 uncursed scrolls of teleportation an uncursed potion of confusion an uncursed potion of healing an uncursed potion of object detection an uncursed potion of restore ability a cursed potion of speed an uncursed potion of water a wand of digging (0:6) a wand of lightning (0:3) a wand of sleep (0:4) a wand of striking (0:5) Spells and supernatural/magical abilities: Name Level Category Fail Memory h - healing 1 healing 74% 42% k - knock 1 matter 89% 55% W - pray for help -- divine ? -- Your skills at the end: Fighting Skills martial arts [Basic] Weapon Skills Spellcasting Skills healing spells [Basic] Final Attributes: You were piously aligned. You were fire resistant. You were sleep resistant. You were poison resistant. You resisted hallucinations. You saw invisible. You were warned. You had automatic searching. You were stealthy. You had slower digestion. You were fast. You had reflection. You were lucky. You had extra luck. Bad luck did not time out for you. Good luck did not time out for you. You are dead. Vanquished creatures: a purple worm 2 vampire lords 2 captains 2 nurses a lurker above a frost giant 2 vampires 7 ghosts a lieutenant 2 fire giants an ogre king a doppelganger 2 large mimics a wumpus a long worm 2 earth elementals a black naga a xorn 3 sergeants a barbed devil 2 small mimics an ettin mummy a quantum mechanic a troll 4 wood golems 2 djinn a pyrolisk a large dog a freezing sphere a flaming sphere 3 shocking spheres a tengu a mountain centaur a red naga 4 wraiths an ettin zombie a leather golem 19 soldiers an incubus a giant beetle a cockatrice 5 wolves a panther 3 leprechauns 2 orc-captains 3 giant spiders 2 scorpions a horse a vampire bat a forest centaur 5 gnome kings 2 ogres 2 brown puddings a rust monster 2 owlbears a yeti 3 werewolves a Green-elf 5 lizards a dog a dingo a housecat a dwarf lord a blue jelly a black unicorn a raven a gnome mummy 3 snakes 2 human zombies a rope golem a soldier ant a fire ant a bugbear a quasit a water nymph a mountain nymph 4 Mordor orcs an orc shaman 2 rock piercers 2 rock moles a fog cloud 4 yellow lights a violet fungus 17 gnome lords 11 gnomish wizards a kobold mummy a guardian naga hatchling 2 barrow wights 2 elf zombies 2 ghouls 2 straw golems a paper golem 9 giant ants a little dog a floating eye 2 kittens 6 dwarves a homunculus a kobold lord 2 hill orcs 5 rothes 2 centipedes 2 monkeys an orc zombie 2 dwarf zombies an iguana 9 killer bees 2 acid blobs a gas spore 2 hobbits 4 hobgoblins 3 giant rats 2 cave spiders 2 yellow molds 66 gnomes 6 garter snakes 3 gnome zombies a gecko a jackal 2 foxes 3 kobolds 2 goblins 6 sewer rats 6 grid bugs a bat 5 lichens 4 kobold zombies 3 newts 369 creatures vanquished. Genocided species: giant eels 1 species genocided. Voluntary challenges: You had followed a strict vegetarian diet until turn 5366. You used a wielded weapon 495 times, starting on turn 2371. You read items or engraved 24 times, starting on turn 545. You genocided 1 type of monster, starting on turn 7576. You never polymorphed an object. You changed form 1 time, starting on turn 8349. You used 2 wishes, starting on turn 2330. You wished for your your first artifact on turn 2330. You never split a pudding. You never wrote Elbereth's name. You violated your moral code, losing 54 points of alignment, starting on turn 3678. Dungeon overview: The Dungeons of Doom: levels 1 to 24 Level 1 a long staircase Level 2 a sink Level 3 a fountain stairs to The Gnomish Mines Level 4 some fountains, a sink Level 5 a general store Level 6 Level 7 Level 8 a sink Level 9 many fountains Level 10 a temple to Shan Lai Ching, a fountain stairs to Sokoban Level 11 Level 12 Level 13 a fountain, a sink Level 14 a temple to Shan Lai Ching Level 15 an altar to Chih Sung-tzu portal to The Quest Level 16 Level 17 Level 18 a sink Level 19 an altar to Huan Ti Level 20 a fountain Level 21 a fountain Level 22 Level 23 a fountain Level 24 <- You were here The Gnomish Mines: levels 4 to 12 Level 4 stairs to The Dungeons of Doom Level 5 Level 6 Level 7 many shops, a temple to Huan Ti, some fountains Level 8 Level 9 Level 10 Level 11 Level 12 a fountain The Quest: Level 1 portal to The Dungeons of Doom Sokoban: Level 9 stairs to The Dungeons of Doom History has recorded: On T:1 you entered the Dungeons of Doom to retrieve the Amulet of Yendor! On T:124 you reached level 2 of The Dungeons of Doom. On T:271 you advanced to experience level 2. On T:541 you reached level 3 of The Dungeons of Doom. On T:658 you reached level 1 of The Gnomish Mines. On T:710 you advanced to experience level 3. On T:745 you advanced to experience level 4. On T:923 you reached level 2 of The Gnomish Mines. On T:976 you advanced to experience level 5. On T:1078 you reached level 3 of The Gnomish Mines. On T:1204 you advanced to experience level 6. On T:1332 you reached level 4 of The Gnomish Mines. On T:1768 you advanced to experience level 7. On T:1810 you reached level 5 of The Gnomish Mines. On T:2330 you wished for "Blessed +2 Grayswandir". On T:2369 you reached level 6 of The Gnomish Mines. On T:2437 you reached level 7 of The Gnomish Mines. On T:2590 you advanced to experience level 8. On T:2698 you reached level 8 of The Gnomish Mines. On T:3007 you reached level 9 of The Gnomish Mines. On T:4468 you reached level 4 of The Dungeons of Doom. On T:4788 you advanced to experience level 9. On T:4794 you reached level 5 of The Dungeons of Doom. On T:5099 you advanced to experience level 10. On T:5105 you reached level 6 of The Dungeons of Doom. On T:5508 you reached level 7 of The Dungeons of Doom. On T:5870 you reached level 8 of The Dungeons of Doom. On T:6080 you advanced to experience level 11. On T:6236 you reached level 9 of The Dungeons of Doom. On T:6579 you reached level 10 of The Dungeons of Doom. On T:6922 you reached level 4 of Sokoban. On T:7292 you reached level 11 of The Dungeons of Doom. On T:7503 you reached level 12 of The Dungeons of Doom. On T:7579 you wished for "Eye of the Aethiopica". On T:7616 you reached level 13 of The Dungeons of Doom. On T:7877 you reached level 14 of The Dungeons of Doom. On T:8238 you reached level 15 of The Dungeons of Doom. On T:9146 you reached level 1 of The Quest. On T:9278 you reached level 16 of The Dungeons of Doom. On T:9589 you reached level 17 of The Dungeons of Doom. On T:9832 you reached level 18 of The Dungeons of Doom. On T:10215 you reached level 19 of The Dungeons of Doom. On T:10433 you reached level 20 of The Dungeons of Doom. On T:10879 you reached level 21 of The Dungeons of Doom. On T:11251 you reached level 22 of The Dungeons of Doom. On T:11255 you reached level 23 of The Dungeons of Doom. On T:11586 you reached level 24 of The Dungeons of Doom. Score breakdown: Gold: 1155 (10419 points) Experience: 11 levels (17616 points) Exploration: 24 levels ( 48.98%) (20766 points) Discoveries: 32 items ( 11.47%) (10160 points) Valuables value: (no points given unless you survive) Artifact value: 8000 (13277 points) Variety of kills: 128 monsters ( 33.60%) (17388 points) Turncount: 11604 turns (-2598 points) Survival: died (score multiplied by 80%) Total score: 69622 Latest messages: The vampire drinks a murky potion! The vampire is suddenly moving faster. The vampire hits! The vampire bites! You hit the vampire! Your silver Grayswandir sears the vampire's flesh! The vampire hits! The vampire bites! Your silver Grayswandir sears the vampire's flesh! You destroy the vampire! You see here a wolf corpse. You see here 2 wolf corpses. You see here 2 food rations. There is a staircase down here. There are a few objects here. You hear a door open. You see here 10 darts. The baluchitherium hits! (4x) You hear some noises in the distance. The baluchitherium hits! (3x) You die... Final status: Goodbye Monk Dude the Monk, killed by a baluchitherium... You died in The Dungeons of Doom on dungeon level 24 with 69622 points, and 1155 pieces of gold, after 11604 moves. You were level 11 with a maximum of 75 hit points when you died.